 Dungeon Crawl Stone Soup version 0.19-a0-32-gbfd796a (webtiles) character file.

7 M4edhros the Grave Robber (level 2, 0/17 HPs)
             Began as an Octopode Necromancer on May 2, 2016.
             Slain by a worm (8 damage)
             ... on level 3 of the Dungeon.
             The game lasted 00:00:51 (210 turns).

M4edhros the Grave Robber (Octopode Necromancer)     Turns: 210, Time: 00:00:52

Health: 0/17       AC:  1    Str:  7    XL:     2   Next: 0%
Magic:  5/5        EV: 12    Int: 17    God:
Gold:   23         SH:  0    Dex: 12    Spells: 1 memorised, 4 levels left

rFire  . . .     SeeInvis .     d - +0 dagger (venom)
rCold  . . .     Gourm    .     (no shield)
rNeg   . . .     Faith    .     (helmet restricted)
rPois  .         Spirit   .     (no amulet)
rElec  .         Dismiss  .     (no ring)
rCorr  .         Reflect  .     (no ring)
SustAt .         Harm     .     (no ring)
MR     .....                    (no ring)
Stlth  +++.......               (no ring)
                                (no ring)
                                (no ring)
                                (no ring)

@: not resistant to hostile enchantments, fairly stealthy
A: almost no armour, amphibious, 8 rings, constrict 8, camouflage 1, gelatinous
body 1
a: no special abilities


You were on level 3 of the Dungeon.
You were not hungry.

You visited 1 branch of the dungeon, and saw 3 of its levels.

You collected 23 gold pieces.

Inventory:

Hand Weapons
 d - a +0 dagger of venom (weapon)
Scrolls
 c - a scroll of recharging {unknown}
 e - a scroll of enchant armour {unknown}
Potions
 g - a potion of lignification {unknown}
 h - a potion of invisibility {unknown}
Books
 a - a book of Necromancy

   Spells                             Type                      Level
   a - Pain                           Necromancy                   1
   b - Animate Skeleton               Necromancy                   1
   c - Vampiric Draining              Necromancy                   3
   d - Regeneration                   Charms/Necromancy            3
   e - Animate Dead                   Necromancy                   4
   f - Control Undead                 Necromancy                   4
Comestibles
 b - a bread ration
 f - 5 fruits
 i - 2 chunks of flesh


   Skills:
 - Level 2.0 Dodging
 - Level 2.6 Stealth
 + Level 1.5 Unarmed Combat
 - Level 2.0 Spellcasting
 - Level 4.0 Necromancy


You had 4 spell levels left.
You knew the following spells:

 Your Spells              Type           Power        Failure   Level  Hunger
a - Pain                  Necr           ###.         3%          1    #......


Dungeon Overview and Level Annotations

Branches:
Dungeon (3/15)

Altars:


Innate Abilities, Weirdness & Mutations

You cannot wear most types of armour.
You are amphibious.
You can wear up to eight rings at the same time.
You can use your tentacles to constrict eight enemies at once.
Your skin changes colour to match your surroundings (Stealth).
Your rubbery body absorbs attacks (AC +1).


Message History

Aiming: Pain
Press: ? - help, Shift-Dir - straight line, f - kobold
Aim: a kobold, wielding a club (chance to defeat MR: 92%)
The kobold convulses in agony!
You kill the kobold!
You have reached level 2!
Found 14 arrows.
You see here a club.
Found an escape hatch in the ceiling.
A worm comes into view.
Found a scroll labeled COLLUAPSAT.
The helpless worm fails to defend itself.
You hit the worm.
The worm is poisoned.
You grab the worm. You squeeze the worm.
The worm is heavily wounded.
You constrict the worm. You hit the worm.
The worm looks even sicker.
The worm is severely wounded.
You constrict the worm. The worm bites you!
You die...

#.####### ###........
#.......... ########
#.#.####.## #......#
#.#.# #.#
#..?...######.######.##
#......##..............
#......##.#############
#....w@...# #
#####+####.# # .# # ..
# .#. . .#. .. .# . #..
#.. #..


You could see a worm.

Vanquished Creatures
  A bat (D:1)
  A giant cockroach (D:3)
  A goblin (D:1)
  2 giant newts
  A kobold (D:3)
  A rat (D:2)
7 creatures vanquished.

Notes
Turn   | Place    | Note
--------------------------------------------------------------
     0 | D:1      | M4edhros the Octopode Necromancer began the quest for the Orb.
     0 | D:1      | Reached XP level 1. HP: 11/11 MP: 3/3
    60 | D:1      | Reached skill level 1 in Unarmed Combat
   158 | D:3      | Reached XP level 2. HP: 7/17 MP: 3/5
   210 | D:3      | Slain by a worm

Vault maps used:
D:1:      lemuel_arrival_rhombus
D:2:      minitemple, lemuel_round_altar, elyvilon_altar_4

Skill      XL: |  1 |
---------------+----+-----
Unarmed Combat | 1 |  1.5
Dodging        | |  2.0
Stealth        | |  2.6
Spellcasting   | |  2.0
Necromancy     | |  4.0

Action                   || total
-------------------------++-------
Melee: Dagger            ||    15
       Constrict         ||     4
       Tentacles         ||     3
 Cast: Pain              ||     2
 Stab: Sleeping          ||     1
Armor: Skin              ||     2
Dodge: Dodged            ||     5
